 Dungeon Crawl Stone Soup version 0.19-a0-1692-g68728bb (webtiles) character file.

1101 Arkorax the Slasher (level 8, -9/73 HPs)
             Began as a Deep Elf Gladiator on Sept 26, 2016.
             Was a Follower of Trog.
             Mangled by an orc warrior
             ... wielding a +0 glaive
              (18 damage)
             ... on level 6 of the Dungeon.
             The game lasted 00:05:59 (6551 turns).

Arkorax the Slasher (Deep Elf Gladiator)            Turns: 6551, Time: 00:05:59

Health: -9/73      AC:  7    Str: 17    XL:     8   Next: 10%
Magic:  10/10      EV: 16    Int: 14    God:    Trog [*.....]
Gold:   313        SH:  0    Dex: 17    Spells: 0 memorised, 7 levels left

rFire  . . .     SeeInvis .     a - +0 long sword
rCold  . . .     Gourm    .     b - +0 leather armour
rNeg   . . .     Faith    .     (no shield)
rPois  .         Spirit   .     c - +0 helmet
rElec  .         Dismiss  .     w - +0 cloak
rCorr  .         Reflect  .     v - +0 pair of gloves
MR     .....     Harm     .     (no boots)
Stlth  ..........               k - amulet of rage
                                (no ring)
                                d - ring of stealth

@: berserking, very quick
A: no striking features
a: Berserk, Burn Spellbooks, Renounce Religion, Evoke Berserk Rage


You were on level 6 of the Dungeon.
You worshipped Trog.
Trog was aware of your devotion.
You were hungry.

You visited 1 branch of the dungeon, and saw 6 of its levels.

You collected 313 gold pieces.

Inventory:

Hand Weapons
 a - a +0 long sword (weapon)
Missiles
 z - 6 curare-tipped needles
 Y - 3 throwing nets (quivered)
Armour
 b - a +0 leather armour (worn)
 c - a +0 helmet (worn)
 v - a +0 pair of gloves (worn)
 w - a +0 cloak (worn)
Jewellery
 d - a ring of stealth (left hand)
 k - an amulet of rage (around neck)
 A - an uncursed amulet of harm {unknown}
Wands
 x - a wand of confusion (35/48)
Scrolls
 e - 9 scrolls of identify {unknown}
 g - 6 scrolls of remove curse {unknown}
 l - 2 scrolls of noise {unknown}
 m - 2 scrolls of teleportation {unknown}
 o - a scroll of enchant armour {unknown}
 t - a scroll of random uselessness {unknown}
 y - a scroll of immolation {unknown}
 C - a scroll of amnesia {unknown}
Potions
 n - a potion of haste {unknown}
 p - 2 potions of brilliance {unknown}
 r - a potion of heal wounds {unknown}
 s - a potion of degeneration {unknown}
 u - a potion of magic {unknown}
Comestibles
 f - a bread ration {!e}
 h - 4 fruits
 j - a meat ration {!e}
 q - 2 beef jerkies
 B - a royal jelly


   Skills:
 * Level 5.0 Fighting
 * Level 6.3 Long Blades
 - Level 2.0 Throwing
 + Level 6.2 Dodging


You had 7 spell levels left.
You didn't know any spells.

Dungeon Overview and Level Annotations

Branches:
Dungeon (6/15)             Temple (0/1) D:5

Altars:
Trog
The Shining One


Message History

No target in view!
You start resting.
An orc zombie is nearby!
An orc zombie is nearby!
An orc zombie is nearby!
An orc zombie is nearby!
An orc warrior comes into view. It is wielding a glaive.
The orc warrior shouts!
An orc warrior is nearby!
An orc warrior is nearby!
The orc warrior hits you with a glaive!
Damage: 10 (max 10)
An orc warrior is nearby!
You barely miss the orc warrior. You barely miss the orc warrior.
The orc warrior misses you.
You riposte.
You barely miss the orc warrior.
An orc warrior is nearby!
You hit the orc warrior but do no damage.
The orc warrior hits you but does no damage.
A red film seems to cover your vision as you go berserk!
You feel yourself moving faster!
You feel mighty!
You are feeling hungry.
The orc warrior misses you.
You barely miss the orc warrior.
The orc warrior hits you with a glaive!!
* * * LOW HITPOINT WARNING * * *
You hear a shout! x2
A howler monkey skeleton comes into view.
Damage: 24 (max 24)
You hit the orc warrior.
The orc warrior is lightly wounded.
You slash the orc warrior!
The orc warrior is heavily wounded.
The orc warrior hits you with a glaive!!
* * * LOW HITPOINT WARNING * * *
An orc wizard comes into view. It is wielding a dagger.
Unknown command.
Damage: 19 (max 24)
You are too injured to fight recklessly!
Unknown command.
You are too injured to fight recklessly!
Unknown command.
You are too injured to fight recklessly!
You are too injured to fight recklessly!
You closely miss the orc warrior.
The orc warrior is heavily wounded.
You closely miss the orc warrior.
The orc warrior is heavily wounded.
The orc warrior hits you with a glaive!!
You die...

#.....#####..
..#.####..#.#####..
.......).........
###.#####.##.##.# .#
#####..#..#.##.## #..ā€
............
.......###...#......
####### ##..#....# # #
#@.#....###.#..
#o.#...#.......
#Z......Z..Z..# #.
#o.(.../+.._..+ ..
...o.............# #.
#####......#.$....# ..
ā‰ˆā‰ˆPā‰ˆ.#.#....#.#.+###
.. ##.. #.#....##. .# ..
.#P. #.#..... .. ..


You could see an orc warrior, an orc wizard, an orc (wandering) and a howler
monkey skeleton.

Vanquished Creatures
  An ice beast (D:6)
  A black bear (D:5)
  An orc warrior (D:6)
  A centaur (D:6)
  A big kobold (D:5)
  A scorpion (D:4)
  A howler monkey (D:4)
  A bullfrog zombie (D:6)
  2 hounds
  3 orc priests (D:5)
  An iron imp (D:6)
  2 orc wizards (D:5)
  4 worker ants
  A hound skeleton (D:4)
  A howler monkey zombie (D:5)
  3 gnolls
  A howler monkey skeleton (D:5)
  6 adders
  2 oozes
  An adder skeleton (D:6)
  An adder zombie (D:6)
  4 worms
  A dart slug (D:2)
  5 leopard geckos
  7 orcs
  2 ball pythons (D:2)
  8 bats
  7 giant cockroaches
  4 goblins
  7 hobgoblins
  4 jackals
  2 quokkas
  2 frilled lizards
  11 kobolds
  A kobold skeleton (D:6)
  2 kobold zombies (D:6)
  An orc skeleton (D:6)
  An orc zombie (D:6)
  7 rats
112 creatures vanquished.

Vanquished Creatures (others)
  2 fungi (D:6)
2 creatures vanquished.

Grand Total: 114 creatures vanquished

Notes
Turn   | Place    | Note
-------+----------+-------------------------------------------
     0 | D:1      | Arkorax the Deep Elf Gladiator began the quest for the Orb.
     0 | D:1      | Reached XP level 1. HP: 12/12 MP: 3/3
   334 | D:1      | Reached skill level 3 in Long Blades
   334 | D:1      | Reached XP level 2. HP: 13/17 MP: 4/4
   430 | D:1      | Reached skill level 2 in Fighting
   616 | D:1      | Reached XP level 3. HP: 21/21 MP: 5/5
  1345 | D:2      | Reached skill level 4 in Dodging
  1550 | D:2      | HP: 6/22 [poisoned by an adder]
  1553 | D:2      | Reached XP level 4. HP: 17/27 MP: 6/6
  2671 | D:4      | Reached skill level 3 in Fighting
  2671 | D:4      | Reached skill level 4 in Long Blades
  2671 | D:4      | Reached XP level 5. HP: 25/32 MP: 7/7
  3696 | D:4      | Reached XP level 6. HP: 19/37 MP: 8/8
  4043 | D:4      | Reached skill level 5 in Dodging
  4369 | D:5      | Entered Level 5 of the Dungeon
  4569 | D:5      | Found a bloodstained altar of Trog.
  4581 | D:5      | Became a worshipper of Trog the Wrathful
  4630 | D:5      | Reached skill level 5 in Long Blades
  4803 | D:5      | Reached skill level 4 in Fighting
  4803 | D:5      | Reached XP level 7. HP: 33/43 MP: 9/9
  5166 | D:5      | Reached * piety under Trog
  5363 | D:5      | Found a staircase to the Ecumenical Temple.
  6051 | D:6      | HP: 6/44 [ice beast (10)]
  6057 | D:6      | Reached skill level 6 in Long Blades
  6057 | D:6      | Reached skill level 6 in Dodging
  6266 | D:6      | Reached XP level 8. HP: 42/48 MP: 10/10
  6299 | D:6      | Reached skill level 5 in Fighting
  6482 | D:6      | Found a glowing golden altar of the Shining One.
  6549 | D:6      | HP: 8/73 [orc warrior/glaive (19)]
  6551 | D:6      | Mangled by an orc warrior

Vault maps used:
D:1:      erik_arrival_cave_to_civilisation,
          hangedman_abyss_or_decor_lesser_grid, st_stairs_7, minmay_pentomino_q4
D:2:      minmay_door_path, first_bread
D:5:      minmay_misc_feat_rugged, bloody_trog
D:6:      kennysheep_mini_moat, nicolae_tso_besieged_by_evil, serial_aquarium,
          aquarium_bridge_straight, aquarium_window_fake,
          aquarium_window_corridor_1, aquarium_window_fake, aquarium_view_2a,
          aquarium_balcony_double_1

Skill      XL: |  1  2  3  4  5  6  7  8 |
---------------+-------------------------+-----
Long Blades    | 3 4 5 6 |  6.3
Fighting       | 2 3 4 5 |  5.0
Dodging        | 4 5 6 |  6.2
Throwing       | |  2.0

Action                   |  1- 3 |  4- 6 |  7- 9 || total
-------------------------+-------+-------+-------++-------
Melee: Long sword        |   145 |   219 |   133 ||   497
Invok: Berserk           |       |       |     4 ||     4
 Abil: Evoke Berserk Rag |       |     3 |       ||     3
  Use: Potion            |     1 |     1 |     1 ||     3
 Stab: Sleeping          |     1 |     7 |     1 ||     9
  Eat: Chunk             |     2 |     3 |     5 ||    10
       Bread ration      |       |     2 |     1 ||     3
Armor: Leather armour    |    26 |    60 |    39 ||   125
Dodge: Dodged            |    85 |   134 |    71 ||   290

Table legend:
 A = Turns spent in this place as a percentage of turns spent in the entire game.
 B = Non-inter-level travel turns spent in this place as a percentage of non-inter-level travel turns spent in the entire game.
 C = Inter-level travel turns spent in this place as a percentage of turns spent in this place.
 D = Turns resting spent in this place as a percentage of non-inter-level travel turns spent in this place.
 E = Turns spent auto-exploring this place as a percentage of non-inter-level travel turns spent in this place.
 F = Non-inter-level travel turns spent in this place divided by the number of levels of this place that you've seen.
                   A       B       C       D       E      F
               +-------+-------+-------+-------+-------+----------------------
         Total | 100.0 | 100.0 |   0.4 |   4.2 |  12.0 | 264.5
       Dungeon | 100.0 | 100.0 |   0.4 |   4.2 |  12.0 | 264.5
               +-------+-------+-------+-------+-------+----------------------

Vault maps used:
D:1:      erik_arrival_cave_to_civilisation,
          hangedman_abyss_or_decor_lesser_grid, st_stairs_7, minmay_pentomino_q4
D:2:      minmay_door_path, first_bread
D:5:      minmay_misc_feat_rugged, bloody_trog
D:6:      kennysheep_mini_moat, nicolae_tso_besieged_by_evil, serial_aquarium,
          aquarium_bridge_straight, aquarium_window_fake,
          aquarium_window_corridor_1, aquarium_window_fake, aquarium_view_2a,
          aquarium_balcony_double_1
